 Dungeon Crawl Stone Soup version 0.16.1-28-gcc2312f (webtiles) character file.

40922 Kidiri the Fighter (level 13, -12/183 HPs)
             Began as a Minotaur Berserker on May 27, 2015.
             Was the Champion of Trog.
             Mangled by a death yak (14 damage)
             ... on level 8 of the Lair of Beasts on May 28, 2015.
             The game lasted 02:25:49 (17909 turns).

Kidiri the Fighter (Minotaur Berserker)            Turns: 17909, Time: 02:25:49

Health: -12/183    AC: 26    Str: 29 (30) XL:     13   Next: 77%
Magic:  11/11      EV:  2    Int: 11      God:    Trog [******]
Gold:   904        SH:  0    Dex:  4 (8)  Spells: 0 memorised, 12 levels left

rFire  . . .     SeeInvis .     a - +2 dire flail of Trog's Righteous Anger {flame, +Inv Int+5 Dex-5}
rCold  . . .     Rnd*Rage +     t - melded +4 chain mail {rF+}
rNeg   + + +     SustAb   .     (no shield)
rPois  +         Gourm    .     (helmet unavailable)
rElec  .         Spirit   .     G - melded +1 cloak
rCorr  .         Warding  +     y - melded +0 pair of gloves
rMut   .         NoTele   +     U - melded +0 pair of boots
MR     .....                    n - amulet of warding
Stlth  +.........               V - +4 ring of dexterity
                                K - ring of poison resistance

@: tree-form, not resistant to hostile enchantments, very unstealthy
A: (retaliatory headbutt), (horns 0), berserk 1, blurry vision 1, clever 1,
deterioration 1, low mp 2, regeneration 1, strong 1
a: Burn Spellbooks, Berserk, Trog's Hand, Brothers in Arms, Renounce Religion,
Evoke Invisibility


You were on level 8 of the Lair of Beasts.
You worshipped Trog.
Trog was exalted by your worship.
You were not hungry.
You were a tree.
You visited 3 branches of the dungeon, and saw 17 of its levels.

You collected 904 gold pieces.

Inventory:

Hand weapons
 a - the +2 dire flail of Trog's Righteous Anger (weapon) {flame, +Inv Int+5 Dex-5}
   (Trog gifted it to you on level 5 of the Lair of Beasts)

   It has been specially enchanted to burn those struck by it, causing extra
   injury to most foes and up to half again as much damage against particularly
   susceptible opponents.
   It affects your intelligence (+5).
   It affects your dexterity (-5).
   It lets you turn invisible.
Armour
 t - a +4 chain mail of fire resistance (melded)
 y - a +0 pair of gloves (melded)
 G - a +1 cloak (melded)
 U - a +0 pair of boots (melded)
Jewellery
 n - an amulet of warding (around neck)
 K - a ring of poison resistance (left branch)
 O - an uncursed amulet of guardian spirit
 V - a +4 ring of dexterity (right branch)
Magical devices
 f - a wand of teleportation (4)
 h - a wand of magic darts (22)
 k - a wand of cold (7)
 r - a wand of confusion (26)
 B - a wand of fire (0)
 C - a wand of enslavement (13)
 I - a wand of cold (8)
 J - a wand of polymorph (1)
 L - a wand of lightning (3)
 P - a wand of hasting (2)
 T - a wand of enslavement (13)
Scrolls
 l - 2 scrolls of teleportation
 o - 2 scrolls of noise
 s - 3 scrolls of remove curse
 x - 5 scrolls of magic mapping
 Z - a scroll of immolation
Potions
 b - a potion of lignification
 d - a potion of resistance
 e - 3 potions of haste
 i - 4 potions of might
 j - 4 potions of flight
 p - 5 potions of brilliance
 z - 7 potions of curing
 F - a potion of restore abilities
 M - a potion of invisibility
 X - 2 potions of berserk rage
Miscellaneous
 q - a plain deck of changes
 v - a plain deck of escape {drawn: 1}
 E - a disc of storms
Comestibles
 c - 7 bread rations
 g - 9 meat rations
 W - 25 fruits
 Y - a royal jelly


   Skills:
 * Level 13.4 Fighting
 * Level 13.4 Maces & Flails
 * Level 12.7 Armour
 + Level 7.6 Dodging
   Level 11.6 Shields
 + Level 8.6 Unarmed Combat
 * Level 4.3 Evocations


You had 12 spell levels left.
You didn't know any spells.

Dungeon Overview and Level Annotations

Branches:
Dungeon (8/15)             Temple (1/1) D:6            Lair (8/8) D:8
  Swamp (0/5) Lair:3        Snake (0/5) Lair:5        Slime (0/6) Lair:7

Altars:
Cheibriados
Dithmenos
Elyvilon
Fedhas
Gozag
Kikubaaqudgha
Makhleb
Nemelex Xobeh
Okawaru
Qazlal
Ru
Sif Muna
Trog
Vehumet
Xom
Yredelemnul
Zin
The Shining One
Jiyva


Innate Abilities, Weirdness & Mutations

((You reflexively headbutt those who attack you in melee.))
((You have a pair of large horns on your head.))
You tend to lose your temper in combat.
Scrolls take you a little longer to read.
Your mind is acute. (Int +2)
Your body is slowly deteriorating.
Your magical capacity is very low (-20% MP).
Your natural rate of healing is unusually fast.
Your muscles are strong. (Str +2)


Message History

The death yak gores you but does no damage.
You barely miss the death yak. The death yak gores you.
* * * LOW HITPOINT WARNING * * *
You thump the death yak! You burn the death yak.
The death yak is almost dead.
The death yak gores you.
* * * LOW HITPOINT WARNING * * *
The death yak completely misses you.
You hit the death yak but do no damage.
The death yak is almost dead.
The death yak gores you!
* * * LOW HITPOINT WARNING * * *
The death yak gores you but does no damage.
You puncture the death yak! You burn the death yak.
You kill the death yak!
Trog accepts your kill.
You hit the death yak. You burn the death yak.
The death yak is lightly wounded.
The death yak gores you!
You die...

#........... ###
##........... #.###
#............. .##.###
##...†......... ......##
#..............
..P..P.######P........#.#..
.........#.#.....#........P
..........###....Y#.......
......P...# #..Y♣#........
.....P...P# ##..####.....<
#P..PP...## #..#........
..........####...##.#..P
...........##.......P..
.........P.##..........
............#.........
.....##.##............ .#
## ##..........P


You could see 2 death yaks.

Vanquished Creatures
  Snorg (Lair:4)
  Fannar (Lair:6)
  3 hydras
  Erica (Lair:2)
  A catoblepas (Lair:5)
  9 death yaks
  2 griffons
  2 oklob plants
  5 elephants (Lair:7)
  A torpor snail (Lair:7)
  5 black mambas
  6 spiny frogs
  6 komodo dragons
  2 fire drakes (Lair:4)
  8 polar bears
  Grinder (D:5)
  6 blink frogs
  6 basilisks
  40 yaks
  A spriggan (Lair:6)
  4 hippogriffs
  Eustachio (D:4)
  6 wyverns
  11 water moccasins
  Menkaure (D:5)
  2 nagas (Lair:5)
  5 porcupines
  A sky beast (D:8)
  A wasp (Lair:6)
  A necrophage (D:5)
  3 black bears
  2 phantoms
  4 ogres
  12 crocodiles
  A boring beetle (Lair:7)
  2 orc warriors (D:7)
  A centaur (D:6)
  A big kobold (D:7)
  Sigmund (D:2)
  Duvessa (D:6)
  24 giant frogs
  Blork the orc (D:6)
  A wyvern zombie (D:6)
  3 scorpions
  8 wights
  An electric eel (Lair:3)
  2 goliath beetles (D:6)
  Dowan (D:6)
  3 jellies (D:6)
  A quasit (D:6)
  A crimson imp (D:6)
  A gnoll shaman (D:5)
  Crazy Yiuf (D:2)
  7 hounds
  4 orc priests
  9 iguanas
  2 centaur skeletons
  4 orc wizards
  4 worker ants
  Ijyb (D:5)
  Robin (D:4)
  18 adders
  11 gnolls
  12 river rats
  A giant mite (D:5)
  A shadow imp (D:6)
  3 worms
  8 giant geckos
  28 orcs
  A bat zombie (D:7)
  6 giant cockroaches
  22 goblins
  17 hobgoblins
  8 jackals
  9 quokkas
  11 sheep
  3 ball pythons
  15 bats
  A giant gecko skeleton (D:5)
  4 giant newts
  24 kobolds
  A quokka zombie (D:6)
  12 rats
  2 bushes (Lair:5)
466 creatures vanquished.

Vanquished Creatures (collateral kills)
  3 hydras
  A griffon (Lair:4)
  5 fire drakes (Lair:4)
  3 blink frogs (Lair:1)
  3 basilisks (Lair:4)
  2 wyverns (Lair:4)
  5 hippogriffs (Lair:4)
  A porcupine (Lair:1)
  A sky beast (D:5)
  A big kobold (D:5)
  An iguana (Lair:1)
  An adder (Lair:1)
  2 kobolds (D:5)
  A rat (D:7)
30 creatures vanquished.

Vanquished Creatures (others)
  An ogre (D:5)
  A water moccasin zombie (D:5)
  2 fungi (Lair:7)
  A plant (Lair:7)
5 creatures vanquished.

Grand Total: 501 creatures vanquished

Notes
Turn   | Place    | Note
--------------------------------------------------------------
     0 | D:1      | Kidiri, the Minotaur Berserker, began the quest for the Orb.
     0 | D:1      | Reached XP level 1. HP: 19/19 MP: 1/1
   130 | D:1      | Reached XP level 2. HP: 25/27 MP: 1/1
   301 | D:1      | Reached skill level 4 in Fighting
   732 | D:1      | Acquired Trog's second power
  1074 | D:2      | Reached XP level 3. HP: 33/33 MP: 2/2
  1185 | D:2      | Noticed Sigmund
  1199 | D:2      | Killed Sigmund
  1199 | D:2      | Reached skill level 1 in Unarmed Combat
  1199 | D:2      | Reached XP level 4. HP: 41/41 MP: 2/2
  1308 | D:2      | Found a glowing golden altar of the Shining One.
  1431 | D:2      | Noticed Crazy Yiuf
  1442 | D:2      | Killed Crazy Yiuf
  1442 | D:2      | Reached XP level 5. HP: 26/47 MP: 2/2
  1718 | D:2      | Found a bloodstained altar of Trog.
  2314 | D:3      | Reached skill level 5 in Fighting
  2569 | D:3      | Reached XP level 6. HP: 56/56 MP: 3/3
  3116 | D:4      | Reached skill level 5 in Maces & Flails
  3182 | D:4      | Reached skill level 5 in Armour
  3439 | D:4      | Found a snail-covered altar of Cheibriados.
  3522 | D:4      | Noticed Eustachio
  3531 | D:4      | Killed Eustachio
  3531 | D:4      | Acquired Trog's third power
  3531 | D:4      | Reached skill level 6 in Fighting
  3531 | D:4      | Reached XP level 7. HP: 56/63 MP: 3/3
  4132 | D:4      | Noticed Robin
  4147 | D:4      | Killed Robin
  4406 | D:5      | Entered Level 5 of the Dungeon
  4707 | D:5      | Noticed Ijyb
  4712 | D:5      | Noticed Grinder
  4712 | D:5      | Paralysed by Grinder for 4 turns
  4724 | D:5      | Killed Ijyb
  4730 | D:5      | Paralysed by Grinder for 5 turns
  4750 | D:5      | Killed Grinder
  4750 | D:5      | Reached skill level 1 in Shields
  4869 | D:5      | Found a shadowy altar of Dithmenos.
  4873 | D:5      | Found a sparkling altar of Nemelex Xobeh.
  4905 | D:5      | Reached XP level 8. HP: 66/71 MP: 3/3
  5412 | D:5      | Noticed Menkaure
  5420 | D:5      | Killed Menkaure
  5420 | D:5      | Reached skill level 7 in Fighting
  5624 | D:5      | Found a sacrificial altar of Ru.
  6226 | D:6      | Found a staircase to the Ecumenical Temple.
  6355 | D:6      | Found a runed door.
  6355 | D:6      | Found a runed door.
  6356 | D:6      | Found a runed door.
  6359 | D:6      | Found a runed door.
  6365 | D:6      | Found a shimmering altar of Xom.
  6366 | D:6      | Found a runed door.
  6366 | D:6      | Found a runed door.
  6435 | D:6      | Noticed Blork the orc
  6439 | D:6      | Killed Blork the orc
  6654 | D:6      | Noticed Duvessa
  6655 | D:6      | Noticed Dowan
  6670 | D:6      | Killed Dowan
  6679 | D:6      | Killed Duvessa
  7237 | D:6      | Reached XP level 9. HP: 66/81 MP: 4/4
  7363 | D:6      | Reached skill level 8 in Fighting
  7447 | D:6      | Reached skill level 5 in Dodging
  7703 | Temple   | Entered the Ecumenical Temple
  7916 | D:7      | Reached skill level 5 in Shields
  7927 | D:7      | Gained mutation: Your natural rate of healing is unusually fast. [potion of mutation]
  7927 | D:7      | Gained mutation: Scrolls take you a little longer to read. [potion of mutation]
  7927 | D:7      | Gained mutation: Your muscles are strong. (Str +2) [potion of mutation]
  8044 | D:7      | Gained mutation: You tend to lose your temper in combat. [potion of mutation]
  8044 | D:7      | Gained mutation: You have a pair of large horns on your head. [potion of mutation]
  8044 | D:7      | Gained mutation: Your mind is acute. (Int +2) [potion of mutation]
  8364 | D:7      | Got a colourful robe
  8375 | D:7      | Identified the cursed -3 robe of Protective Custody {Contam +Fly rPois rC+ Str-5 SInv} (You found it on level 7 of the Dungeon)
  8420 | D:7      | Gained mutation: Your magical capacity is low (-10% MP). [mutagenic glow]
  8951 | D:8      | Gained mutation: Your magical capacity is very low (-20% MP). [potion of mutation]
  8951 | D:8      | Gained mutation: Your body is slowly deteriorating. [potion of mutation]
  8958 | D:8      | Reached skill level 5 in Unarmed Combat
  9033 | D:8      | Found a staircase to the Lair.
  9065 | D:8      | Received a gift from Trog
  9288 | Lair:1   | Entered Level 1 of the Lair of Beasts
  9288 | Lair:1   | Noticed a komodo dragon
  9298 | Lair:1   | Killed a komodo dragon
  9298 | Lair:1   | Reached skill level 9 in Maces & Flails
  9413 | Lair:1   | Reached XP level 10. HP: 86/91 MP: 3/3
  9582 | Lair:1   | Noticed a komodo dragon
  9595 | Lair:1   | Killed a komodo dragon
  9601 | Lair:1   | Noticed an eight-headed hydra
  9610 | Lair:1   | Killed an eight-headed hydra
  9632 | Lair:1   | Noticed a komodo dragon
  9639 | Lair:1   | Killed a komodo dragon
  9922 | Lair:1   | Noticed a seven-headed hydra
  9926 | Lair:1   | Killed a seven-headed hydra
 10116 | Lair:1   | Reached skill level 10 in Maces & Flails
 10121 | Lair:1   | Reached skill level 10 in Fighting
 10301 | Lair:2   | Noticed a black mamba
 10307 | Lair:2   | Killed a black mamba
 10341 | Lair:2   | Noticed Erica
 10343 | Lair:2   | Noticed a black mamba
 10352 | Lair:2   | Killed a black mamba
 10352 | Lair:2   | Reached XP level 11. HP: 84/99 MP: 3/3
 10354 | Lair:2   | Killed Erica
 11353 | Lair:3   | Noticed a five-headed hydra
 11364 | Lair:3   | Killed a five-headed hydra
 11439 | Lair:3   | Found a staircase to the Swamp.
 11663 | Lair:3   | Received a gift from Trog
 11950 | Lair:4   | Reached skill level 11 in Maces & Flails
 11973 | Lair:4   | Reached skill level 10 in Armour
 12543 | Lair:4   | Noticed Snorg
 12569 | Lair:4   | Killed Snorg
 12569 | Lair:4   | Reached skill level 10 in Shields
 12668 | Lair:4   | Noticed a seven-headed hydra
 12677 | Lair:4   | Killed an eight-headed hydra
 12679 | Lair:4   | Reached XP level 12. HP: 94/110 MP: 4/4
 12896 | Lair:4   | Received a gift from Trog
 12996 | Lair:4   | Noticed a six-headed hydra
 13005 | Lair:4   | Killed a six-headed hydra
 13005 | Lair:4   | Reached skill level 12 in Maces & Flails
 13379 | Lair:4   | Noticed a seven-headed hydra
 13391 | Lair:4   | Killed a seven-headed hydra
 14098 | Lair:5   | Noticed a catoblepas
 14127 | Lair:5   | Killed a catoblepas
 14206 | Lair:5   | Received a gift from Trog
 14207 | Lair:5   | Got an ichor-stained dire flail {god gift}
 14213 | Lair:5   | Identified the +2 dire flail of Trog's Righteous Anger {flame, +Inv Int+5 Dex-5} (Trog gifted it to you on level 5 of the Lair of Beasts)
 14300 | Lair:5   | Reached XP level 13. HP: 119/119 MP: 4/4
 14323 | Lair:5   | Found a staircase to the Snake Pit.
 14364 | Lair:5   | Reached skill level 1 in Evocations
 15106 | Lair:6   | Noticed Fannar
 15128 | Lair:6   | Killed Fannar
 16113 | Lair:7   | Reached skill level 13 in Maces & Flails
 16328 | Lair:7   | Found a staircase to the Slime Pits.
 16329 | Lair:7   | Found a viscous altar of Jiyva.
 17806 | Lair:8   | Entered Level 8 of the Lair of Beasts
 17906 | Lair:8   | HP: 9/183 [death yak (3)]
 17907 | Lair:8   | HP: 1/183 [death yak (8)]
 17909 | Lair:8   | Mangled by a death yak

Action                   |  1- 3 |  4- 6 |  7- 9 | 10-12 | 13-15 || total
-------------------------+-------+-------+-------+-------+-------++-------
Melee: Mace              |    51 |    67 |   205 |   534 |       ||   857
       Flail             |       |    76 |   278 |       |       ||   354
       Unarmed           |       |       |    15 |       |       ||    15
       Dire flail        |       |       |       |    30 |   301 ||   331
 Fire: Hunting sling     |       |       |     1 |       |       ||     1
Invok: Berserk           |     2 |     2 |     4 |     4 |       ||    12
       Trog's Hand       |     1 |       |     1 |     3 |       ||     5
       Brothers in Arms  |       |       |     2 |     4 |       ||     6
       Burn Spellbooks   |       |       |     3 |     2 |       ||     5
Evoke: Wand              |       |       |       |     3 |       ||     3
       Deck              |       |       |       |       |     1 ||     1
  Use: Scroll            |       |    11 |    13 |    11 |     6 ||    41
       Potion            |       |       |     7 |     1 |     3 ||    11
 Stab: Distracted        |       |       |       |     1 |       ||     1
  Eat: Chunk             |     1 |    10 |    11 |     7 |       ||    29
       Fruit             |       |     1 |     8 |     4 |     5 ||    18
       Beef jerky        |       |       |     1 |     2 |     1 ||     4
       Pizza             |       |       |     1 |     3 |       ||     4
       Bread ration      |       |       |     1 |       |     2 ||     3
       Meat ration       |       |       |       |     1 |       ||     1
       Royal jelly       |       |       |       |     1 |       ||     1
